 Dungeon Crawl Stone Soup version 0.25-a0-667-gb977e01cb5 (webtiles) character file.

Game seed: 9814603133901485579, levelgen mode: deterministic

9 kae the Ruffian (level 2, 0/25 HPs)
             Began as a Naga Transmuter on Mar 27, 2020.
             Slain by a goblin
             ... wielding a +0 club
              (5 damage)
             ... on level 1 of the Dungeon.
             The game lasted 00:00:22 (229 turns).

kae the Ruffian (Naga Transmuter)                    Turns: 229, Time: 00:00:23

Health: 0/25       AC:  1    Str: 12    XL:     2   Next: 12%
Magic:  5/5        EV: 10    Int: 13    God:
Gold:   0          SH:  0    Dex: 11    Spells: 4/5 levels left

rFire    . . .     SeeInvis +     - Unarmed
rCold    . . .     Gourm    .   (no shield)
rNeg     . . .     Faith    .   b - +0 robe
rPois    +         Spirit   .   (no helmet)
rElec    .         Reflect  .   (no cloak)
rCorr    .         Harm     .   (no gloves)
MR       .....                  (no barding)
Stlth    +.........             (no amulet)
HPRegen  0.08/turn              (no ring)
MPRegen  0.09/turn              (no ring)

@: very slow
A: large, see invisible, deformed body, poison resistance, slowness 2, slow
metabolism 1, spit poison 1, AC +0
a: Spit Poison


You were on level 1 of the Dungeon.
You were not hungry.

You visited 1 branch of the dungeon, and saw 1 of its levels.

Inventory:

Missiles
 a - 12 arrows
Armour
 b - a +0 robe (worn)
Potions
 e - a potion of lignification {unknown}
Comestibles
 c - a chunk of flesh
 d - a ration


   Skills:
 - Level 1.0 Fighting
 - Level 1.5 Dodging
 * Level 3.3 Unarmed Combat
 + Level 2.1 Spellcasting
 + Level 2.2 Transmutations


You had 4 spell levels left.
You knew the following spells:

 Your Spells              Type           Power        Failure   Level  Hunger
a - Beastly Appendage     Tmut           #.....       10%         1    ##.....

Your spell library contained the following spells:

 Spells                   Type           Power        Failure   Level  Hunger
 Sticks to Snakes         Tmut           #.......     16%         2    ###....
 Spider Form              Tmut/Pois      #.........   43%         3    ####...
 Ice Form                 Ice/Tmut       #.......     85%         4    #####..
 Blade Hands              Tmut           #.........   95%         5    ######.


Dungeon Overview and Level Annotations

Branches:
Dungeon (1/15)

Altars:


Innate Abilities, Weirdness & Mutations

You cannot wear boots.
Your serpentine skin is tough. (AC +0)
You have supernaturally acute eyesight. (SInv)
Armour fits poorly on your strangely shaped body.
Your system is resistant to poisons. (rPois)
You cover ground very slowly.
You have a slow metabolism.
You can spit poison.


Message History

Your horns disappear.
Press: ? - help, Shift-Dir - straight line, f - goblin
Aim: a goblin, wielding a +0 club The splash of poison hits the goblin.
The goblin is moderately wounded.
You feel slightly more hungry.
You closely miss the goblin.
The goblin is moderately wounded.
The goblin closely misses you.
You hit the goblin.
The goblin is heavily wounded.
You miss the goblin.
The goblin is heavily wounded.
The goblin hits you with a +0 club.
* * * LOW HITPOINT WARNING * * *
You miss the goblin.
The goblin is heavily wounded.
You have got your breath back.
The goblin hits you with a +0 club.
You die...

## ...###
#....###
#...#######
##.).)....# .
#........#
..#......g@####
..........รท...#
...#....)...##)#
####>....#####.#
#.....# #.#
#.....# #.#
........# #.#
..>.....# #.#
...###### #.#


You could see a goblin.

Vanquished Creatures
  A giant cockroach (D:1)
  A goblin (D:1)
  A hobgoblin (D:1)
  2 kobolds (D:1)
  A bat (D:1)
  A frilled lizard (D:1)
  A rat (D:1)
8 creatures vanquished.

Notes
Turn   | Place    | Note
-------+----------+-------------------------------------------
     0 | D:1      | kae the Naga Transmuter began the quest for the Orb.
     0 | D:1      | Reached XP level 1. HP: 18/18 MP: 3/3
   197 | D:1      | Reached XP level 2. HP: 10/25 MP: 3/5
   229 | D:1      | Slain by a goblin

Levels and vault maps discovered:
D:1:      wheals_arrival_linesprint, layout_rooms

Action                   || total
-------------------------++-------
Melee: Unarmed           ||    38
       Headbutt          ||     2
 Cast: Beastly Appendage ||     4
 Abil: Spit Poison       ||     2
Armor: Robe              ||     2
Dodge: Dodged            ||    25

Table legend:
 A = Non-vault XP
 B = Vault XP
 C = Vault XP percentage of total XP
 D = Non-vault monster count
 E = Vault monster count
 F = Vault count percentage of total count
                 A         B        C        D         E       F
            +---------+---------+-------+---------+---------+-------
      Total |      13 |       0 |   0.0 |       8 |       0 |   0.0
            +---------+---------+-------+---------+---------+-------
        D:1 |      13 |       0 |   0.0 |       8 |       0 |   0.0
            +---------+---------+-------+---------+---------+-------
